 Dungeon Crawl Stone Soup version 0.31.0-11-ge490571c62 (webtiles) character file.

Game seed: 11012642850776281799

587 Drazool the Changeling (level 7, -2/56 HPs)
             Began as a Naga Shapeshifter on Jan 30, 2024.
             Was a Follower of Cheibriados.
             Killed from afar by an orc wizard (6 damage)
             ... with a magic dart
             ... on level 5 of the Dungeon.
             The game lasted 00:11:54 (3450 turns).

Drazool the Changeling (Naga Shapeshifter)          Turns: 3450, Time: 00:11:56

Health: -2/56      AC:  2    Str: 19    XL:     7   Next: 38%
Magic:  7/7        EV: 19    Int: 14    God:    Cheibriados [*.....]
Gold:   192        SH:  0    Dex: 15    Spells: 6/6 levels left

rFire   . .          .
                       - Unarmed
rCold   . . .        (shield currently unavailable)
rNeg    . . .        a - melded +0 animal skin
rPois   +            (no helmet)
rElec   .            (no cloak)
rCorr   .            (no gloves)
SInv    +            (no barding)
Will    .....        (no amulet)
Stlth   +            E - +5 ring of evasion
HPRegen 0.29/turn    (no ring)
MPRegen 0.10/turn

%: no passive effects
@: lethally poisoned (-2 -> -9), about to teleport, flux-form, attractive,
glowing, very slow
A: glow, contaminating, reduced hp, AC +2, large, see invisible, deformed body,
poison resistance, slowness 2, spit poison 1, naga tail 1
a: Spit Poison, Begin Untransformation, Renounce Religion, Bend Time


You were on level 5 of the Dungeon.
You worshipped Cheibriados.
Cheibriados was aware of your devotion.
You were something dangerously unstable.
You visited 1 branch of the dungeon, and saw 5 of its levels.

You collected 192 gold pieces.


Innate Abilities, Weirdness & Mutations

You are something dangerously unstable.
You glow with magical radiation, making you easy to see and hit.
Foes you strike become dangerously contaminated with magical radiation.
Your maximum health is decreased, since you lack skill for your form.
You are incapable of wielding weapons or throwing items.
Your serpentine skin is tough. (AC +2)
You have supernaturally acute eyesight. (SInv)
Armour fits poorly on your strangely shaped body.
Your system is resistant to poisons. (rPois)
You cover ground very slowly.
You can spit poison.
You have a snake-like lower body.


   Skills:
 - Level 2.0 Fighting
 - Level 1.5 Dodging
 - Level 3.0 Stealth
 + Level 4.5 Unarmed Combat
 * Level 6.4 Shapeshifting


You had 6 spell levels left.
You didn't know any spells.
Your spell library contained the following spells:

 Spells                   Type           Power      Damage    Failure   Level
 Freeze                   Ice            0%         1d3       28%         1
 Magic Dart               Conj           0%         1d3       28%         1
 Blink                    Tloc           0%         N/A       41%         2
 Call Imp                 Summ           0%         N/A       41%         2
 Frozen Ramparts          Ice            0%         1d1       65%         3
 Hailstorm                Conj/Ice       0%         3d5       65%         3

Inventory:

Missiles
 h - a throwing net {=f}
Armour
 a - a +0 animal skin (melded)
 k - a +0 helmet
Jewellery
 E - a +5 ring of evasion (left hand)
Talismans
 c - a beast talisman
 d - a flux talisman (active)
Wands
 p - a wand of flame (12)
Scrolls
 i - a scroll of poison {unknown}
 j - a scroll of enchant armour {unknown}
 l - 2 scrolls of immolation
 m - a scroll of identify {@r1}
 o - a scroll of fear {unknown}
Potions
 b - a potion of lignification
 e - a potion of degeneration {unknown}
 n - a potion of heal wounds {unknown}

Dungeon Overview and Level Annotations

Branches:
Dungeon (5/15)             Temple (0/1) D:4

Altars:
Cheibriados
Dithmenos
Okawaru
Qazlal
Sif Muna

Shops:
D:1 =

Annotations:
D:4 2 transporters, 1 runed translucent door, turdburglar's ghost, amateur MfSh

#.# # ###..## ##. #.....
#..#####.... ..........## ..
#.......#.## . #.##.......#..# ..
.......)p....# . #.
#.....†oso..##
..#.###..........##
...............##
#.............##
#.............#.## ####### .
##.(..#.......#..# ##.....##
....##...<###.........###........
#.........#...............▒▒.▒▒.


You could see a scorpion and 2 orc wizards.


Message History

The orc is heavily wounded.
The orc hits you with a +0 hand axe.
* * * LOW HITPOINT WARNING * * *
The scorpion completely misses you.
The orc wizard points at you and mumbles some strange words.
The magic dart hits you!
* * * LOW HITPOINT WARNING * * *
You hit the orc.
The orc shudders as magic cascades through it!!
You kill the orc!
Cheibriados appreciates the change of pace.
The scorpion misses you. The orc wizard closely misses you.
The scorpion stings you.
* * * LOW HITPOINT WARNING * * *
Okay, then.
As you read the scroll of teleportation {@r2}, it crumbles to dust.
You feel strangely unstable.
The orc wizard hits you with a +0 dagger.
* * * LOW HITPOINT WARNING * * *
The scorpion stings you.
* * * LOW HITPOINT WARNING * * *
You are lethally poisoned!
The scorpion poisons you!
It was a potion of attraction.
You feel attractive to monsters.
* * * LOW HITPOINT WARNING * * *
You feel sick.
The orc wizard gestures at you while chanting.
The magic dart hits you.
You die...

Skill      XL: |  1  2  3  4  5  6 |
---------------+-------------------+-----
Shapeshifting  | 4 5 6 |  6.4
Fighting       | 2 |  2.0
Stealth        | 3 |  3.0
Unarmed Combat | 4 |  4.5
Dodging        | |  1.5

Action                     |  1- 3 |  4- 6 |  7- 9 || total
---------------------------+-------+-------+-------++-------
  Melee: Unarmed           |    53 |    81 |    29 ||   163
         Punch             |       |     3 |       ||     3
Ability: Spit Poison       |    32 |    38 |     5 ||    75
  Evoke: Wand              |       |     4 |       ||     4
    Use: Potion            |       |       |     4 ||     4
         Scroll            |       |       |     3 ||     3
 Armour: Animal skin       |    24 |    36 |       ||    60
         Skin              |       |     1 |    22 ||    23
  Dodge: Dodged            |    16 |    39 |    38 ||    93
   Form: Flux              |       |     1 |       ||     1

Levels and vault maps discovered:
D:1:      dpeg_arrival_lava_temple_mockup, layout_loops_ring, serial_shops,
          nicolae_shop_gaudy_bauble
D:2:      layout_loops_corners, basic_altar, uniq_robin
D:3:      layout_loops_ring, mainiacjoe_overflow_brackets
D:4:      layout_rooms, nicolae_dithmenos_shadow_blocks,
          nicolae_overflow_guarded_unrand_okawaru_victory,
          minmay_temple_entry_overgrown, gammafunk_ghost_stat_death,
          uniq_menkaure
D:5:      layout_cave_pools, mainiacjoe_overflow_small_starburst

Notes
Turn   | Place    | Note
-------+----------+-------------------------------------------
     0 | D:1      | Drazool the Naga Shapeshifter began the quest for the Orb.
     0 | D:1      | Reached XP level 1. HP: 18/18 MP: 1/1
   194 | D:1      | Reached XP level 2. HP: 25/25 MP: 2/2
   247 | D:1      | Found Womnegg's Jewellery Boutique.
   933 | D:2      | Found a shimmering blue altar of Sif Muna.
  1036 | D:2      | Reached XP level 3. HP: 31/31 MP: 3/3
  1076 | D:2      | Reached skill level 4 in Shapeshifting
  1391 | D:2      | Noticed Robin
  1518 | D:2      | Killed Robin
  1519 | D:2      | Reached skill level 2 in Fighting
  1519 | D:2      | Reached XP level 4. HP: 39/39 MP: 4/4
  1541 | D:2      | Reached skill level 1 in Stealth
  1714 | D:3      | Reached skill level 2 in Stealth
  1735 | D:3      | Found a snail-covered altar of Cheibriados.
  1791 | D:3      | Reached skill level 3 in Stealth
  1893 | D:3      | Became a worshipper of Cheibriados the Contemplative
  2007 | D:3      | Reached XP level 5. HP: 45/45 MP: 5/5
  2510 | D:4      | Found a shadowy altar of Dithmenos.
  2545 | D:4      | Reached * piety under Cheibriados
  2563 | D:4      | Noticed Menkaure
  2634 | D:4      | Identified the +1 sling "Grim" {elec, Str+3}
  2688 | D:4      | Found a transporter.
  2694 | D:4      | Reached skill level 5 in Shapeshifting
  2694 | D:4      | Noticed turdburglar's ghost (amateur MfSh)
  2802 | D:4      | Found a staircase to the Ecumenical Temple.
  2836 | D:4      | Found a transporter.
  2846 | D:4      | Killed Menkaure
  2847 | D:4      | Reached XP level 6. HP: 52/52 MP: 6/6
  2847 | D:4      | Found an iron altar of Okawaru.
  2849 | D:4      | Found a runed translucent door.
  2853 | D:4      | Found the +0 toga "Victory" {*Victory Clar}
  2935 | D:4      | Reached skill level 4 in Unarmed Combat
  3069 | D:5      | Entered Level 5 of the Dungeon
  3145 | D:5      | Noticed an ice beast
  3161 | D:5      | Killed an ice beast
  3162 | D:5      | Reached skill level 6 in Shapeshifting
  3162 | D:5      | Reached XP level 7. HP: 34/60 MP: 7/7
  3293 | D:5      | Found a stormy altar of Qazlal.
  3374 | D:5      | HP: 5/56 [orc wizard/magic dart (9)]
  3450 | D:5      | HP: 4/56 [poisoned by a scorpion]
  3450 | D:5      | Killed from afar by an orc wizard

Vanquished Creatures
  Menkaure (D:4)
  An ice beast (D:5)
  A phantom (D:4)
  2 bombardier beetles (D:5)
  3 orc wizards
  Robin (D:2)
  5 adders
  A shadow imp (D:5)
  13 orcs
  4 endoplasms
  4 giant cockroaches
  13 goblins
  8 hobgoblins
  8 jackals (D:3)
  5 quokkas
  9 ball pythons
  4 bats
  6 frilled lizards
  4 kobolds
  4 rats
97 creatures vanquished.

Table legend: (Time is in decaauts)
 A = Elapsed time spent in this place.
 B = Non-inter-level travel time spent in this place.
 C = Inter-level travel time spent in this place.
 D = Time resting spent in this place.
 E = Time spent auto-exploring this place.
 F = Levels seen in this place.
 G = Mean time per level.
                   A        B        C        D        E       F      G
               +--------+--------+--------+--------+--------+-----+--------+
         Total |   4900 |   4671 |    229 |    408 |   3438 |   5 |  980.0 |
       Dungeon |   4900 |   4671 |    229 |    408 |   3438 |   5 |  980.0 |
               +--------+--------+--------+--------+--------+-----+--------+

Top non-repeatable levels by time:
     D:2: 1325 daAuts
     D:3: 1122 daAuts
     D:4: 1107 daAuts
     D:1: 861 daAuts
     D:5: 483 daAuts

Table legend:
 A = Non-vault XP
 B = Vault XP
 C = Vault XP percentage of total XP
 D = Non-vault monster count
 E = Vault monster count
 F = Vault count percentage of total count
                 A         B        C        D         E       F
            +---------+---------+-------+---------+---------+-------
      Total |     632 |     207 |  24.7 |      84 |      13 |  13.4
            +---------+---------+-------+---------+---------+-------
        D:1 |      29 |       0 |   0.0 |      19 |       0 |   0.0
        D:2 |      32 |      35 |  52.2 |      13 |      12 |  48.0
        D:3 |      74 |       0 |   0.0 |      23 |       0 |   0.0
        D:4 |     227 |     172 |  43.1 |      19 |       1 |   5.0
        D:5 |     270 |       0 |   0.0 |      10 |       0 |   0.0
            +---------+---------+-------+---------+---------+-------
